Map: Dusk Towers

Players

ABomB

  • Race: Zerg Zerg
  • League: Master

Miszu - Winner!

  • Race: Terran Terran
  • League: Master

VOD

Have the link to the VOD?

Description

Time

  • Played on: March 14, 2016, 4:26 p.m.
  • Length: 12:42
Show
View Real Time Build Order
Export as new Build Order

ABomB Zerg 

Build Orders: Hatch First, Muta Ling Bane 

Get SALT Encoding   

  12  0:01  Drone  
  13  0:13  Overlord  
  13  0:18  Drone  
  14  0:31  Drone x2  
  16  0:52  Hatchery  
  15  1:02  Spawning Pool  
  14  1:05  Drone  
  15  1:13  Drone x2  
  17  1:19  Drone  
  17  1:23  Extractor  
  17  1:30  Drone  
  18  1:39  Drone  
  19  1:49  Queen  
  19  1:50  Drone  
  22  2:02  Overlord  
  22  2:07  Queen  
  22  2:08  Drone  
  25  2:10  Drone  
  26  2:16  Drone  
  26  2:21  Drone  
  28  2:24  Queen  
  28  2:27  Overlord  
  30  2:34  Drone  
  31  2:41  Metabolic Boost  
  31  2:46  Drone x2  
  31  2:50  Drone  
  34  2:59  Overlord  
  34  3:00  Drone  
  34  3:01  Drone x3  
  34  3:05  Lair  
  38  3:08  Queen  
  40  3:24  Drone x6  
  46  3:29  Overlord  
  46  3:31  Drone x3  
  49  3:39  Extractor  
  48  3:41  Extractor  
  48  3:43  Drone x3  
  48  3:46  Queen  
  52  3:50  Extractor  
  52  3:53  Drone x2  
  52  3:54  Drone x3  
  56  4:02  Overlord x2  
  56  4:12  Spire, Zergling x2  
  56  4:13  Zergling x4  
  58  4:22  Overlord  
  58  4:23  Zergling x2  
  58  4:24  Zergling x2  
  60  4:34  Hatchery  
  60  4:38  Drone x2  
  61  4:42  Evolution Chamber  
  61  4:44  Evolution Chamber  
  59  4:52  Overlord  
  58  5:24  Mutalisk  
  58  5:25  Mutalisk x7  
  74  5:30  Hatchery  
  74  5:34  Drone x6  
  79  5:38  Zerg Melee Weapons Level 1  
  79  5:48  Drone  
  79  5:49  Drone x4  
  84  5:53  Zerg Ground Armor Level 1  
  84  5:57  Drone  
  84  5:58  Drone  
  84  5:59  Extractor  
  84  6:01  Extractor  
  84  6:07  Zerg Flyer Armor Level 1  
  84  6:08  Baneling Nest  
  84  6:10  Drone x8  
  91  6:12  Overlord  
  91  6:31  Drone x7  
  98  6:44  Hatchery  
  98  6:45  Zergling x2  
  98  6:46  Zergling x12  
  104  6:48  Overlord x3  
  104  6:58  Zergling x10  
  109  7:17  Zergling x24  
  109  7:18  Zergling x2  
  109  7:19  Centrifical Hooks  
  122  7:30  Overlord x5  
  122  7:31  Overlord  
  122  7:33  Baneling  
  122  7:34  Baneling x16  
  122  7:35  Baneling  
  118  7:48  Zerg Melee Weapons Level 2  
  118  7:49  Zerg Ground Armor Level 2  
  118  7:53  Infestation Pit, Zergling x14  
  124  8:13  Spore Crawler  
  124  8:15  Zergling x16, Spore Crawler  
  124  8:16  Zergling x14, Spore Crawler  
  136  8:23  Pneumatized Carapace  
  136  8:24  Overseer x2  
  136  8:30  Overseer  
  136  8:35  Drone  
  136  8:36  Drone x9  
  146  8:43  Spine Crawler  
  146  8:45  Spine Crawler  
  144  8:49  Hive  
  144  8:52  Extractor  
  143  8:55  Extractor  
  142  9:08  Baneling x12  
  142  9:09  Baneling x19  
  142  9:10  Baneling x2  
  142  9:35  Zergling x2  
  142  9:36  Zergling x42  
  164  9:53  Zergling x20  
  86  10:40  Zergling x32  
  86  10:41  Zergling x50  
  86  10:42  Ultralisk Cavern  
  119  10:46  Adrenal Glands  
  112  11:09  Mutalisk  
  112  11:10  Mutalisk x3  
  81  11:30  Ultralisk x2  
  79  11:50  Zergling x2  
  79  11:51  Zergling x24  
  92  11:58  Zergling x2  
  92  11:59  Zergling x8  
Show
View Real Time Build Order
Export as new Build Order

Miszu Terran - Winner!

Build Orders: MMM Bio 

Get SALT Encoding   

  12  0:01  SCV  
  13  0:13  SCV  
  14  0:18  Supply Depot  
  14  0:25  SCV  
  15  0:40  SCV  
  15  0:41  Barracks  
  16  0:46  Refinery  
  16  0:52  SCV  
  17  1:04  SCV  
  18  1:16  SCV  
  19  1:29  Orbital Command  
  19  1:31  Barracks Reactor  
  19  1:40  Command Center  
  19  1:53  Supply Depot  
  19  1:55  SCV  
  20  2:07  Reaper x2, SCV  
  23  2:19  SCV  
  24  2:26  Command Center  
  24  2:31  SCV  
  25  2:43  SCV  
  26  2:46  Reaper  
  26  2:47  Reaper  
  28  2:52  Orbital Command  
  28  2:55  SCV  
  29  3:02  Refinery  
  29  3:07  SCV  
  30  3:19  SCV x2  
  32  3:22  Barracks  
  32  3:25  Barracks  
  32  3:31  Reaper x2, SCV  
  32  3:32  SCV  
  36  3:39  Orbital Command  
  36  3:43  SCV  
  36  3:44  SCV  
  36  3:47  Orbital Command  
  38  3:55  SCV  
  39  3:56  SCV  
  39  3:59  Factory  
  39  4:01  Refinery x2  
  40  4:07  SCV  
  40  4:08  SCV  
  42  4:10  Barracks Tech Lab  
  42  4:12  Barracks Tech Lab  
  42  4:14  SCV  
  43  4:19  SCV  
  43  4:20  SCV  
  43  4:23  Marine  
  43  4:24  Engineering Bay x2, Marine  
  47  4:26  SCV  
  47  4:31  Marine x2, SCV  
  49  4:32  SCV, Stimpack  
  49  4:33  Combat Shields  
  52  4:39  Supply Depot, SCV  
  52  4:41  Marine x2  
  52  4:43  SCV  
  52  4:44  SCV  
  57  4:48  Marine  
  57  4:49  Starport  
  57  4:50  Factory Reactor  
  57  4:51  Marine  
  59  4:55  Terran Infantry Armor Level 1  
  59  4:56  SCV  
  59  4:58  SCV  
  61  5:01  Marine, SCV  
  61  5:02  Terran Infantry Weapons Level 1  
  61  5:04  Supply Depot  
  63  5:09  SCV  
  63  5:12  Missile Turret  
  63  5:13  Missile Turret  
  64  5:16  Marine x3  
  64  5:20  Missile Turret  
  67  5:22  SCV  
  67  5:23  Orbital Command  
  67  5:25  SCV  
  67  5:26  Marine  
  70  5:32  Supply Depot  
  70  5:34  SCV  
  71  5:36  Supply Depot, Factory Tech Lab  
  71  5:40  SCV  
  71  5:42  Marine  
  73  5:45  Medivac  
  73  5:46  SCV  
  73  5:49  SCV  
  77  5:54  Medivac, SCV  
  77  5:55  Supply Depot, Missile Turret  
  80  5:58  Supply Depot, SCV  
  80  5:59  Marine  
  80  6:00  Marine  
  80  6:01  SCV  
  84  6:04  Armory  
  84  6:06  Marine, SCV  
  84  6:10  SCV  
  87  6:13  SCV  
  87  6:18  Barracks, SCV  
  89  6:21  Supply Depot  
  89  6:22  SCV  
  89  6:25  Barracks, SCV  
  88  6:30  SCV  
  88  6:34  SCV  
  88  6:36  Supply Depot, Marine x3  
  88  6:37  Supply Depot, Marine, Medivac, Refinery x2  
  88  6:38  SCV  
  96  6:42  SCV  
  96  6:46  SCV  
  98  6:51  Supply Depot  
  98  6:54  Marine x3  
  98  6:59  Supply Depot  
  98  7:00  Supply Depot  
  100  7:01  SCV  
  100  7:02  Refinery, SCV x2  
  100  7:04  Marine  
  100  7:06  Barracks Reactor  
  104  7:14  Barracks  
  104  7:15  Barracks x2  
  107  7:17  Marine x2  
  107  7:19  Terran Infantry Weapons Level 2  
  108  7:23  Terran Infantry Armor Level 2  
  108  7:24  Marine, Marauder  
  108  7:27  Marauder  
  111  7:30  Terran Vehicle Weapons Level 1  
  111  7:32  Thor  
  111  7:35  Marine x2  
  119  7:42  Marine  
  120  7:46  Marauder  
  120  7:49  Marauder  
  120  7:50  Marine x2  
  120  7:51  Medivac x2  
  128  7:52  Marine  
  128  7:55  Marine  
  128  7:56  Supply Depot  
  132  8:04  Barracks Tech Lab  
  132  8:05  Barracks Tech Lab  
  133  8:06  Barracks Reactor  
  133  8:07  Marauder  
  133  8:08  Marine x2  
  133  8:10  Marine, Marauder  
  133  8:12  Barracks Tech Lab  
  139  8:15  Thor  
  145  8:20  Marine  
  145  8:21  Medivac x2  
  145  8:24  Marauder x2  
  145  8:26  Marine  
  155  8:28  Factory, Marine  
  155  8:29  Marauder  
  155  8:31  Marine, Marauder  
  155  8:32  Marauder  
  163  8:37  Supply Depot  
  163  8:38  Supply Depot  
  163  8:39  Supply Depot  
  163  8:40  Supply Depot x2  
  163  8:43  Marine x2  
  165  8:51  Command Center  
  165  8:58  Marine x4  
  165  8:59  Marine x2, Marauder x2, Widow Mine  
  165  9:00  Marauder  
  165  9:01  Marine x2, Medivac x2  
  185  9:13  Factory Tech Lab  
  185  9:16  Marine x2, Marauder  
  189  9:17  Marine  
  189  9:20  Marauder  
  189  9:21  Marine  
  189  9:22  Marauder  
  195  9:24  Marine  
  195  9:25  Marine x2, Marauder  
  200  9:55  Terran Infantry Weapons Level 3, Terran Infantry Armor Level 3, Terran Vehicle Weapons Level 2  
  156  10:27  Marine  
  156  10:28  Marine x8, Marauder  
  117  10:33  Marauder  
  114  10:37  Thor  
  114  10:38  Medivac x2  
  123  10:44  Planetary Fortress  
  123  10:45  Marine  
  123  10:46  Marine x8  
  123  10:49  Marine  
  133  10:53  Marine  
  134  10:58  Starport  
  134  10:59  Starport  
  134  11:00  Missile Turret  
  134  11:01  Missile Turret  
  134  11:03  Marine  
  134  11:04  Marine x8  
  135  11:07  Marine  
  135  11:08  Medivac  
  135  11:09  Liberator  
  144  11:11  Marine  
  142  11:19  Liberator  
  142  11:21  Marine x3, Liberator  
  142  11:22  Marine x3, Marauder x3  
  142  11:25  Marauder  
  155  11:30  Marauder, Liberator  
  159  11:39  Marine x6, Refinery  
  168  11:44  Marauder x3  
  168  11:46  Marauder  
  179  11:51  Marauder  
  184  11:57  Marine x3  
  186  12:01  Marine  
  186  12:05  Marauder x3  
  186  12:08  Marauder, SCV  
  195  12:12  Marauder  
Tags
 
Add a new tag
Caveats
  • Supply blocks, unpowered buildings, or Contaminate may cause inaccurate times.
  • Supply counts are checked every 10 seconds.